 Dungeon Crawl Stone Soup version 0.29.0-4-gdea44cf6ec (webtiles) character file.

Game seed: 856436728213894496

111915 qw the Severer (level 16, -11/104 HPs)
             Began as a Tengu Warper on Aug 28, 2022.
             Was an Elder of Okawaru.
             Killed from afar by Nikola (58 damage)
             ... with an arc of chain lightning
             ... on level 1 of the Spider Nest.
             The game lasted 00:03:51 (27593 turns).

qw the Severer (Tengu Warper)                      Turns: 27593, Time: 00:03:52

Health: -11/104    AC: 32    Str: 21    XL:     16   Next: 59%
Magic:  23/24      EV: 13    Int: 10    God:    Okawaru [****..]
Gold:   1416       SH: 18    Dex: 12    Spells: 19/19 levels left

rFire   + . .      SeeInvis +   Y - +4 broad axe (spect)
rCold   + + .      Faith    .   A - +0 kite shield
rNeg    + . .      Spirit   .   j - +7 plate armour "Puipukh" {rC+ rN+ rCorr Dex-2}
rPois   +          Reflect  +   v - +2 hat
rElec   .          Harm     .   e - scarf {rC+ rF+}
rCorr   +          Rampage  .   n - +2 pair of gloves
Will    +....                   (boots unavailable)
Stlth   ..........              m - amulet of reflection
HPRegen 0.27/turn               t - ring "Ruiptiapp" {Fly rCorr Str+2 SInv Stlth-}
MPRegen 0.19/turn               d - ring of poison resistance

@: lethally poisoned (-11 -> -19), heroic, flying quickly and evasively, quick
A: beak, talons 3, nimble flight, iridescent scales 1, dopey 2
a: Renounce Religion, Heroism, Finesse


You were on level 1 of the Spider Nest.
You worshipped Okawaru.
Okawaru was greatly pleased with you.
You visited 4 branches of the dungeon, and saw 23 of its levels.

You collected 2621 gold pieces.
You spent 1205 gold pieces at shops.


Innate Abilities, Weirdness & Mutations

You have a beak for a mouth.
You have claws for feet.
Your magical nature lets you fly swiftly and evasively.
You are partially covered in iridescent scales. (AC +2)
You are very dopey. (Int -4)


   Skills:
 - Level 13.0(18.0) Fighting
 - Level 18.0(23.0) Axes
 + Level 5.9(10.9) Throwing
 - Level 13.0(18.0) Armour
 - Level 9.0(14.0) Dodging
 - Level 10.1(15.1) Shields
 - Level 2.0 Spellcasting
 - Level 2.4 Translocations
 - Level 10.0 Invocations


You had 19 spell levels left.
You didn't know any spells.
Your spell library contained the following spells:

 Spells                   Type           Power      Damage    Failure   Level
 Blink                    Tloc           10%        N/A       95%         2
 Gell's Gravitas          Tloc           5%         N/A       99%         3
 Lesser Beckoning         Tloc           5%         N/A       99%         3
 Teleport Other           Tloc           5%         N/A       99%         3
 Manifold Assault         Tloc           5%         N/A       100%        5

Inventory:

Hand Weapons
 i - a +3 hand axe of flaming
 Y - a +4 spectral broad axe (weapon)
Missiles
 a - 5 boomerangs (quivered)
 B - 2 silver javelins
Armour
 e - a scarf of resistance (worn)
 j - the +7 plate armour "Puipukh" (worn) {rC+ rN+ rCorr Dex-2}
   (You found it on level 11 of the Dungeon)

   Dex:       It affects your dexterity (-2).
   rC:        It protects you from cold.
   rN:        It protects you from negative energy.
   rCorr:     It protects you from acid and corrosion.
 n - a +2 pair of gloves (worn)
 s - a +3 plate armour of poison resistance
 v - a +2 hat (worn)
 w - the +0 cloak of the Blue Wumpus {Contam Harm rC+++ SInv}
   (Okawaru gifted it to you on level 2 of the Lair of Beasts)

   rC:        It renders you almost immune to cold.
   SInv:      It lets you see invisible.
   Contam:    It causes magical contamination when unequipped.
   Harm:      It increases damage dealt and taken.
 x - a +2 cloak
 y - a +0 tower shield
 A - a +0 kite shield (worn)
Jewellery
 c - a ring of fire
 d - a ring of poison resistance (right hand)
 f - the ring of Saedon {Fire Stlth+}
   (You bought it in a shop on level 2 of the Orcish Mines)

   [ring of fire]

   It enhances your fire magic.
   rF:        It protects you from fire.
   rC:        It makes you vulnerable to cold.
   Stlth:     It makes you more stealthy.
 h - a +4 ring of evasion
 m - an amulet of reflection (around neck)
 t - the ring "Ruiptiapp" (left hand) {Fly rCorr Str+2 SInv Stlth-}
   (You found it on level 9 of the Dungeon)

   [ring of see invisible]

   Str:       It affects your strength (+2).
   SInv:      It lets you see invisible.
   Fly:       It grants you flight.
   rCorr:     It protects you from acid and corrosion.
   Stlth:     It makes you less stealthy.
 u - a +4 ring of protection
Scrolls
 b - 13 scrolls of identify
Potions
 g - 4 potions of resistance
 k - 2 potions of might
 l - 5 potions of mutation
 o - 2 potions of magic
 p - 3 potions of heal wounds
 q - 7 potions of curing
 r - 3 potions of haste
 z - 4 potions of cancellation

Dungeon Overview and Level Annotations

Branches:
Dungeon (15/15)            Temple (0/1) D:7            Lair (5/5) D:11
 Shoals (0/4) Lair:3       Spider (1/4) Lair:2        Slime (0/5) Lair:4
    Orc (2/2) D:10            Elf (0/3) Orc:2        Vaults (0/5) D:14
 Depths (0/4) D:15

Altars:
Cheibriados
Hepliaklqana
Makhleb
Okawaru
Ru
Sif Muna
Trog
Uskayaw
Xom
Yredelemnul

Shops:
D:11 (   Orc:2 ([=*

Annotations:
D:5 2 transporters, qw's ghost, novice TeWr
D:10 1 transporter
D:14 2 transporters, qw's ghost, journeyman TeWr
Spider:1 Nikola


Message History

Nikola hits your +4 spectral broad axe with a +0 rapier of electrocution!!
Your spectral weapon shares its damage with you!
You slice Aizul!! Your kick misses Aizul. Your peck misses Aizul.
Aizul is severely wounded.
Your +4 spectral broad axe misses Aizul.
Your +4 spectral broad axe hits Nikola!
You feel sick. Aizul casts a spell at you. The bolt of poison hits you.
You are more poisoned.
You resist.
Nikola hits your +4 spectral broad axe with a +0 rapier of electrocution!
Your spectral weapon shares its damage with you!
Your +4 spectral broad axe fades away.
Aizul coils herself and waves her upper body at you.
The bolt of poison hits you. You resist.
You barely miss Aizul. Your peck misses Aizul.
Aizul is severely wounded.
Your +4 spectral broad axe hits Aizul!
You feel very sick.
Aizul closely misses your +4 spectral broad axe.
You slice Aizul!!
Aizul is almost dead.
Your +4 spectral broad axe hits Aizul!
You kill Aizul!
Okawaru accepts your kill.
You feel very sick.
You closely miss Nikola. You claw Nikola, but do no damage.
Nikola is lightly wounded.
Your +4 spectral broad axe hits Nikola!!
You feel very sick.
Nikola hits your +4 spectral broad axe with a +0 rapier of electrocution!
Your spectral weapon shares its damage with you!
You closely miss Nikola. You claw Nikola. Your peck misses Nikola.
Nikola is moderately wounded.
Your +4 spectral broad axe closely misses Nikola.
You feel sick.
Nikola mumbles some strange words.
Lightning arcs from Nikola's hands!
The bolt of lightning hits you!!!
Ouch! That really hurt!
You die...

#. #. ## #.. #
#..# # #.?.# ##
..... #. #..###
### #..@.### #..
#.(@..# ### ##.
#..##..####.##
#.. ##
#...##.^.# ##.
#...#..### #.
####...#### ##
#.###..##.##
#.....##...# ##
### ##.....##..#
###.
#..####..###^..#
#.^.


You could see Nikola and a friendly +4 spectral broad axe (summoned).

Vanquished Creatures
  Rupert (D:15)
  Agnes (Spider:1)
  Aizul (Spider:1)
  Louise (Spider:1)
  An ironbound preserver (D:14)
  A stone giant (Orc:2)
  A broodmother (Spider:1)
  3 ettins
  Fannar (Lair:2)
  A fire dragon (Lair:5)
  7 hydras
  Harold (Lair:2)
  4 centaur warriors
  2 catoblepae
  A death knight (D:15)
  Erica (D:8)
  A jorogumo (Spider:1)
  8 boulder beetles
  A radroach (Spider:1)
  5 two-headed ogres
  3 tengu warriors
  An alligator (Lair:5)
  An orc high priest (Orc:1)
  Nergalle (Lair:2)
  6 skeletal warriors (D:15)
  A pharaoh ant (Spider:1)
  A flayed ghost (D:15)
  3 orb spiders (Spider:1)
  A phantasmal warrior (D:15)
  Pikel (D:6)
  A swamp dragon (Lair:5)
  A golden dragon skeleton (D:15)
  A necromancer (D:15)
  A deep elf archer (D:15)
  A shadow dragon zombie (D:15)
  A harpy (shapeshifter) (D:15)
  6 deep elf pyromancers
  7 wolf spiders (Spider:1)
  An orc knight (D:15)
  2 orc sorcerers (Orc:2)
  11 cyclopes
  A fire giant zombie (D:15)
  9 slime creatures
  A manticore (D:11)
  2 ugly things
  Maurice (D:9)
  8 black mambas
  9 elephants
  A gargoyle (D:10)
  An unseen horror (D:13)
  Maggie (D:10)
  2 rime drakes
  Psyche (D:8)
  3 cane toads
  A freezing wraith (D:15)
  4 kobold demonologists (D:10)
  4 tengu conjurers
  13 komodo dragons
  5 trolls
  A demonic crawler (Spider:1)
  3 meliai (D:13)
  2 hornets
  A wind drake (shapeshifter) (D:13)
  Prince Ribbit (D:6)
  29 blink frogs
  10 polar bears (Lair:5)
  5 raiju (Lair:5)
  4 tarantellas (Spider:1)
  A spriggan zombie (D:15)
  2 wraiths
  4 jumping spiders (Spider:1)
  2 vampires
  A yak (shapeshifter) (D:14)
  84 yaks
  A shadow (D:10)
  3 wyverns
  Grum (D:10)
  6 steam dragons
  5 basilisks
  7 vampire mosquitoes
  A redback (Spider:1)
  6 water moccasins
  11 wargs
  3 acid dragons
  Duvessa (D:5)
  12 hell hounds (Lair:5)
  2 ice beasts
  18 orc warriors
  A sky beast (D:8)
  5 ogres
  A swamp drake (Lair:5)
  34 wolves
  13 black bears
  4 centaurs
  6 kobold brigands
  A gnoll sergeant (D:8)
  8 bullfrogs
  10 scorpions
  7 wights
  Dowan (D:5)
  3 killer bees (D:9)
  7 howler monkeys
  2 hounds
  5 jellies
  A gnoll bouda (D:5)
  16 orc priests
  17 iguanas
  27 orc wizards
  10 gnolls
  9 adders
  12 white imps (Orc:2)
  6 worms
  3 dart slugs
  72 orcs
  6 endoplasms
  2 giant cockroaches
  7 hobgoblins
  2 jackals (D:1)
  2 quokkas (D:1)
  6 ball pythons
  7 bats
  16 frilled lizards
  9 goblins
  30 kobolds
  5 rats
762 creatures vanquished.

Vanquished Creatures (others)
  36 fungi
  51 plants
  A withered plant (D:15)
88 creatures vanquished.

Grand Total: 850 creatures vanquished

Notes
Turn   | Place    | Note
-------+----------+-------------------------------------------
     0 | D:1      | qw the Tengu Warper began the quest for the Orb.
     0 | D:1      | Reached XP level 1. HP: 12/12 MP: 4/4
     0 | D:1      | 0 ||| qw: Version: 0.1-a-89-g26bdef1
     0 | D:1      | 0 ||| qw: Game counter: 1165
     0 | D:1      | 0 ||| qw: Always use a shield: true
     0 | D:1      | 0 ||| qw: God list: Okawaru
     0 | D:1      | 0 ||| qw: Allow faded altars: false
     0 | D:1      | 0 ||| qw: Do Orc after D:15 true
     0 | D:1      | 0 ||| qw: Do second Lair branch before Depths: true
     0 | D:1      | 0 ||| qw: Lair rune preference: random
     0 | D:1      | 0 ||| qw: Plans: Normal
     0 | D:1      | 0 ||| PLANNING D:1-11
    19 | D:1      | 19 ||| Stepping ~*~*~tactically~*~*~ (stealth).
    72 | D:1      | You fall into a shaft and drop 1 floor!
   113 | D:2      | 113 ||| UPGRADING to +0 ring mail.
   123 | D:2      | 123 ||| DROPPING +0 leather armour.
   124 | D:2      | 124 ||| DROPPING scroll of blinking.
   199 | D:1      | Reached XP level 2. HP: 17/17 MP: 6/6
   234 | D:1      | Reached skill level 3 in Axes
   323 | D:1      | 323 ||| Stepping ~*~*~tactically~*~*~ (stealth).
   326 | D:1      | 326 ||| Stepping ~*~*~tactically~*~*~ (stealth).
   688 | D:1      | Reached XP level 3. HP: 21/21 MP: 7/7
   720 | D:1      | 720 ||| SWAPPING to +2 hand axe of flaming.
   721 | D:1      | 721 ||| DROPPING +0 hand axe.
   722 | D:1      | 722 ||| DROPPING +0 whip.
   977 | D:1      | 977 ||| UPGRADING to +0 scale mail.
   987 | D:1      | 987 ||| DROPPING +0 ring mail.
   988 | D:1      | 988 ||| READING scroll labelled BIPLOPR FOWIDO.
   989 | D:1      | 989 ||| READING 4 scrolls labelled BIN INTURADI.
   990 | D:1      | 990 ||| READING scroll labelled OTIURU YTIU.
   993 | D:1      | 993 ||| READING scroll labelled RIBATE NOMOU.
   994 | D:1      | 994 ||| DRINKING 2 grey potions.
   995 | D:1      | 995 ||| READING 3 scrolls of identify.
   995 | D:1      | 995 ||| IDENTIFYING fizzy blue potion
   996 | D:1      | 996 ||| DROPPING potion of degeneration.
   997 | D:1      | 997 ||| Stepping randomly (stuck).
   998 | D:1      | 998 ||| Stepping ~*~*~tactically~*~*~ (cloud).
   998 | D:1      | HP: 5/21 [poisoned by you (poison gas)]
   999 | D:1      | 999 ||| DRINKING potion of curing.
   999 | D:1      | 999 ||| (to cure poison)
  1195 | D:2      | 1195 ||| Stepping ~*~*~tactically~*~*~ (stealth).
  1204 | D:2      | Reached skill level 4 in Axes
  1386 | D:2      | 1386 ||| Stepping ~*~*~tactically~*~*~ (hiding).
  1395 | D:2      | Reached XP level 4. HP: 26/26 MP: 8/8
  1410 | D:2      | 1410 ||| Stepping ~*~*~tactically~*~*~ (stealth).
  1412 | D:2      | 1412 ||| Stepping ~*~*~tactically~*~*~ (hiding).
  1927 | D:2      | 1927 ||| UPGRADING to scarf of resistance.
  1932 | D:2      | 1932 ||| UPGRADING to +2 pair of gloves.
  1937 | D:2      | 1937 ||| UPGRADING to amulet of reflection.
  1942 | D:2      | 1942 ||| UPGRADING to +4 ring of slaying {mikee}.
  1943 | D:2      | 1943 ||| DROPPING ring of magical power.
  1944 | D:2      | 1944 ||| READING scroll labelled ACAECL DAVOIHI.
  1945 | D:2      | 1945 ||| READING scroll labelled EDAN ORENAAWKI.
  1946 | D:2      | 1946 ||| READING scroll labelled YDWYCUOFIE.
  1947 | D:2      | 1947 ||| READING 3 scrolls of identify.
  1947 | D:2      | 1947 ||| IDENTIFYING brown potion
  1948 | D:2      | 1948 ||| READING 2 scrolls of identify.
  1948 | D:2      | 1948 ||| IDENTIFYING yellow potion
  1949 | D:2      | 1949 ||| DROPPING potion of berserk rage.
  1950 | D:2      | 1950 ||| DROPPING potion of lignification.
  1973 | D:3      | 1973 ||| Stepping ~*~*~tactically~*~*~ (stealth).
  2025 | D:3      | Reached skill level 5 in Axes
  2031 | D:3      | Gained mutation: Your magical nature lets you fly swiftly
                  | and evasively. [Tengu growth]
  2031 | D:3      | Reached XP level 5. HP: 27/30 MP: 9/9
  2495 | D:3      | Found a faded altar of an unknown god.
  2751 | D:3      | 2751 ||| UPGRADING to +6 ring of dexterity.
  2752 | D:3      | 2752 ||| UPGRADING to +6 ring of strength.
  2754 | D:3      | 2754 ||| DROPPING +6 ring of dexterity.
  2755 | D:3      | 2755 ||| READING scroll labelled FUFEGR CUACY.
  2756 | D:3      | 2756 ||| DRINKING 2 metallic clear potions.
  2756 | D:3      | Gained mutation: You have hidden genetic defects. [potion
                  | of mutation]
  2756 | D:3      | Gained mutation: You are partially covered in iridescent
                  | scales. (AC +2) [potion of mutation]
  2821 | D:4      | Reached skill level 6 in Axes
  2842 | D:4      | Gained mutation: You are dopey. (Int -2) [hidden defects]
  3184 | D:4      | 3184 ||| SWAPPING to +0 war axe.
  3270 | D:4      | Reached skill level 7 in Axes
  3270 | D:4      | Reached XP level 6. HP: 33/35 MP: 10/10
  3271 | D:4      | Gained mutation: You are very dopey. (Int -4) [hidden
                  | defects]
  3271 | D:4      | Lost mutation: You have hidden genetic defects. [hidden
                  | defects expressed]
  3317 | D:4      | Found an iron altar of Okawaru.
  3325 | D:4      | Became a worshipper of Warmaster Okawaru
  3427 | D:4      | 3427 ||| Stepping ~*~*~tactically~*~*~ (stealth).
  3658 | D:4      | 3658 ||| READING scroll labelled LUSSE QUONN.
  3659 | D:4      | 3659 ||| READING 3 scrolls of identify.
  3659 | D:4      | 3659 ||| IDENTIFYING fuming emerald potion
  3660 | D:4      | 3660 ||| READING 2 scrolls of identify.
  3660 | D:4      | 3660 ||| IDENTIFYING silvery potion
  3715 | D:5      | Entered Level 5 of the Dungeon
  3764 | D:5      | Found a transporter.
  3974 | D:5      | Noticed qw's ghost (novice TeWr)
  3974 | D:5      | Noticed an ice beast
  4002 | D:5      | Reached skill level 3 in Fighting
  4087 | D:5      | Reached XP level 7. HP: 39/41 MP: 11/11
  4273 | D:5      | Reached skill level 8 in Axes
  4322 | D:5      | 4322 ||| Stepping ~*~*~tactically~*~*~ (hiding).
  4334 | D:5      | 4334 ||| Stepping ~*~*~tactically~*~*~ (stealth).
  4336 | D:5      | 4336 ||| Stepping ~*~*~tactically~*~*~ (hiding).
  4461 | D:5      | Reached * piety under Okawaru
  4466 | D:5      | Noticed Duvessa
  4467 | D:5      | 4467 ||| INVOKING Heroism.
  4468 | D:5      | Noticed Dowan
  4479 | D:5      | 4479 ||| INVOKING Heroism.
  4482 | D:5      | Killed Duvessa
  4482 | D:5      | Killed Dowan
  4483 | D:5      | Reached skill level 9 in Axes
  4483 | D:5      | Reached XP level 8. HP: 36/46 MP: 8/12
  4634 | D:5      | 4634 ||| INVOKING Heroism.
  4637 | D:5      | Reached skill level 1 in Invocations
  5055 | D:5      | Found a transporter.
  5193 | D:5      | 5193 ||| DROPPING orb of light.
  5194 | D:5      | 5194 ||| DROPPING amulet of guardian spirit.
  5195 | D:5      | 5195 ||| READING scroll labelled FIPUUC IWYXTU.
  5296 | D:5      | 5296 ||| DRINKING 2 glowing clear potions.
  5297 | D:5      | 5297 ||| READING 4 scrolls of identify.
  5297 | D:5      | 5297 ||| IDENTIFYING fuming cyan potion
  5298 | D:5      | 5298 ||| READING 3 scrolls of identify.
  5298 | D:5      | 5298 ||| IDENTIFYING green potion
  5299 | D:5      | 5299 ||| DROPPING potion of brilliance.
  5300 | D:5      | 5300 ||| DROPPING potion of flight.
  5337 | D:6      | Reached skill level 3 in Dodging
  5356 | D:6      | 5356 ||| Stepping ~*~*~tactically~*~*~ (stealth).
  5360 | D:6      | 5360 ||| Stepping ~*~*~tactically~*~*~ (stealth).
  5371 | D:6      | 5371 ||| FLEEEEING.
  5378 | D:6      | 5378 ||| FLEEEEING.
  5379 | D:6      | 5379 ||| FLEEEEING.
  5380 | D:6      | 5380 ||| FLEEEEING.
  5381 | D:6      | 5381 ||| FLEEEEING.
  5383 | D:6      | 5383 ||| STAIRDANCE
  5565 | D:6      | 5565 ||| STAIRDANCE
  5569 | D:5      | 5569 ||| INVOKING Heroism.
  5691 | D:6      | 5691 ||| Stepping ~*~*~tactically~*~*~ (stealth).
  5693 | D:6      | 5693 ||| Stepping ~*~*~tactically~*~*~ (hiding).
  5743 | D:6      | Reached skill level 3 in Invocations
  5778 | D:6      | Found a hide-covered altar of Uskayaw.
  5779 | D:6      | 5779 ||| INVOKING Heroism.
  5781 | D:6      | 5781 ||| Stepping ~*~*~tactically~*~*~ (stealth).
  5790 | D:6      | 5790 ||| Stepping ~*~*~tactically~*~*~ (stealth).
  5791 | D:6      | 5791 ||| READING scroll of teleportation.
  5805 | D:6      | Noticed Pikel
  5806 | D:6      | 5806 ||| INVOKING Heroism.
  5810 | D:6      | 5810 ||| Stepping ~*~*~tactically~*~*~ (stealth).
  5813 | D:6      | Killed Pikel
  5814 | D:6      | Reached skill level 10 in Axes
  5814 | D:6      | Reached XP level 9. HP: 49/52 MP: 11/13
  5876 | D:6      | 5876 ||| INVOKING Heroism.
  5881 | D:6      | Reached ** piety under Okawaru
  5913 | D:6      | 5913 ||| INVOKING Heroism.
  6025 | D:6      | Noticed Prince Ribbit
  6026 | D:6      | 6026 ||| INVOKING Heroism.
  6031 | D:6      | Killed Prince Ribbit
  6401 | D:6      | 6401 ||| DROPPING ring of ice.
  6402 | D:6      | 6402 ||| READING 3 scrolls labelled MATOQO KAIMUIC.
  6403 | D:6      | 6403 ||| DRINKING 2 murky green potions.
  6404 | D:6      | 6404 ||| READING 2 scrolls of identify.
  6404 | D:6      | 6404 ||| IDENTIFYING dark potion
  6405 | D:6      | 6405 ||| DROPPING 2 scrolls of noise.
  6429 | D:7      | 6429 ||| INVOKING Heroism.
  6431 | D:7      | 6431 ||| STAIRDANCE
  6468 | D:7      | 6468 ||| STAIRDANCE
  6470 | D:6      | 6470 ||| INVOKING Heroism.
  6475 | D:6      | Reached skill level 11 in Axes
  6654 | D:7      | 6654 ||| STAIRDANCE
  6660 | D:7      | 6660 ||| STAIRDANCE
  6667 | D:6      | 6667 ||| READING 2 scrolls labelled QIMAKU RUCOWKICIATZ.
  6668 | D:6      | 6668 ||| DROPPING scroll of amnesia.
  6699 | D:7      | Found a flagged portal.
  6893 | D:7      | 6893 ||| INVOKING Heroism.
  6904 | D:7      | Reached skill level 3 in Armour
  6953 | D:7      | 6953 ||| Stepping ~*~*~tactically~*~*~ (stealth).
  6954 | D:7      | 6954 ||| Stepping ~*~*~tactically~*~*~ (stealth).
  7033 | D:7      | Found a staircase to the Ecumenical Temple.
  7343 | D:7      | 7343 ||| UPGRADING to +0 chain mail.
  7353 | D:7      | 7353 ||| DROPPING +0 scale mail.
  7359 | D:8      | Found a shimmering altar of Xom.
  7366 | D:8      | Reached *** piety under Okawaru
  7419 | D:8      | Reached XP level 10. HP: 49/59 MP: 14/14
  7474 | D:8      | Noticed a two-headed ogre
  7475 | D:8      | 7475 ||| INVOKING Heroism.
  7478 | D:8      | Killed a two-headed ogre
  7479 | D:8      | Reached skill level 12 in Axes
  7519 | D:8      | Found a burning altar of Makhleb.
  7775 | D:8      | Noticed Erica
  7776 | D:8      | 7776 ||| INVOKING Heroism.
  7778 | D:8      | 7778 ||| Stepping ~*~*~tactically~*~*~ (stealth).
  7781 | D:8      | Killed Erica
  7781 | D:8      | Reached **** piety under Okawaru
  7782 | D:8      | Reached skill level 6 in Fighting
  7815 | D:8      | Found a basalt altar of Yredelemnul.
  7851 | D:8      | 7851 ||| INVOKING Heroism.
  7855 | D:8      | 7855 ||| Stepping ~*~*~tactically~*~*~ (stealth).
  7864 | D:8      | Reached ***** piety under Okawaru
  7864 | D:8      | Received a gift from Okawaru
  7866 | D:8      | Reached skill level 13 in Axes
  8204 | D:8      | Noticed Psyche
  8205 | D:8      | 8205 ||| INVOKING Heroism.
  8220 | D:8      | 8220 ||| DRINKING 3 potions of curing.
  8220 | D:8      | 8220 ||| (to cure confusion)
  8224 | D:8      | Killed Psyche
  8225 | D:8      | Reached skill level 6 in Invocations
  8282 | D:8      | 8282 ||| INVOKING Heroism.
  8283 | D:8      | Paralysed by a hornet for 1 turns
  8285 | D:8      | HP: 11/61 [hornet (10)]
  8286 | D:8      | 8286 ||| READING 3 scrolls of teleportation.
  8287 | D:8      | 8287 ||| DRINKING potion of heal wounds.
  8442 | D:8      | 8442 ||| INVOKING Heroism.
  8688 | D:8      | 8688 ||| UPGRADING to +0 plate armour.
  8698 | D:8      | 8698 ||| DROPPING +0 chain mail.
  8786 | D:9      | 8786 ||| INVOKING Heroism.
  8790 | D:9      | Reached XP level 11. HP: 66/66 MP: 13/16
  8794 | D:9      | 8794 ||| Stepping ~*~*~tactically~*~*~ (hiding).
  8828 | D:9      | 8828 ||| Stepping ~*~*~tactically~*~*~ (stealth).
  8829 | D:9      | 8829 ||| Stepping ~*~*~tactically~*~*~ (stealth).
  8833 | D:9      | 8833 ||| Stepping ~*~*~tactically~*~*~ (stealth).
  8841 | D:9      | 8841 ||| Stepping ~*~*~tactically~*~*~ (stealth).
  8845 | D:9      | Identified the +3 ring mail of Defence {rElec rF+} (Okawaru
                  | gifted it to you on level 9 of the Dungeon)
  8845 | D:9      | Received a gift from Okawaru
  8846 | D:9      | Reached skill level 6 in Armour
  8847 | D:9      | 8847 ||| INVOKING Heroism.
  8851 | D:9      | Noticed Maurice
  8868 | D:9      | Killed Maurice
  8886 | D:9      | 8886 ||| INVOKING Heroism.
  8886 | D:9      | HP: 15/66 [killer bee (6)]
  8887 | D:9      | 8887 ||| READING scroll of teleportation.
  8891 | D:9      | HP: 9/66 [poisoned by a killer bee]
  8900 | D:9      | HP: 5/66 [steam dragon/ball of steam (1)]
  8902 | D:9      | HP: 1/66 [steam dragon (5)]
  9257 | D:9      | Noticed a two-headed ogre
  9258 | D:9      | 9258 ||| INVOKING Heroism.
  9263 | D:9      | Killed a two-headed ogre
  9442 | D:9      | Found a snail-covered altar of Cheibriados.
  9612 | D:9      | Found a hazy altar of Hepliaklqana.
  9712 | D:9      | 9712 ||| INVOKING Heroism.
  9735 | D:9      | Identified the ring "Ruiptiapp" {Fly rCorr Str+2 SInv
                  | Stlth-}
  9784 | D:9      | 9784 ||| UPGRADING to ring "Ruiptiapp" {Fly rCorr Str+2
                  | SInv Stlth-}.
  9786 | D:9      | 9786 ||| UPGRADING to +4 ring of slaying {mikee}.
  9788 | D:9      | 9788 ||| DRINKING 2 bubbling ruby potions.
  9789 | D:9      | 9789 ||| DROPPING potion of attraction.
  9809 | D:10     | Entered Level 10 of the Dungeon
  9812 | D:10     | Found a staircase to the Orcish Mines.
  9832 | D:10     | Found a sacrificial altar of Ru.
  9922 | D:10     | 9922 ||| Stepping ~*~*~tactically~*~*~ (stealth).
  9924 | D:10     | 9924 ||| Stepping ~*~*~tactically~*~*~ (stealth).
  9926 | D:10     | 9926 ||| INVOKING Heroism.
  9927 | D:10     | 9927 ||| Stepping ~*~*~tactically~*~*~ (hiding).
  9949 | D:10     | 9949 ||| FLEEEEING.
  9950 | D:10     | 9950 ||| FLEEEEING.
  9951 | D:10     | 9951 ||| FLEEEEING.
  9952 | D:10     | 9952 ||| FLEEEEING.
  9953 | D:10     | 9953 ||| FLEEEEING.
  9954 | D:10     | 9954 ||| FLEEEEING.
  9955 | D:10     | 9955 ||| FLEEEEING.
  9956 | D:10     | 9956 ||| FLEEEEING.
  9957 | D:10     | 9957 ||| FLEEEEING.
  9958 | D:10     | 9958 ||| FLEEEEING.
  9959 | D:10     | 9959 ||| FLEEEEING.
  9963 | D:10     | 9963 ||| STAIRDANCE
 10191 | D:10     | Noticed Maggie
 10202 | D:10     | 10202 ||| INVOKING Heroism.
 10205 | D:10     | Killed Maggie
 10338 | D:10     | 10338 ||| SWAPPING to +1 war axe of draining.
 10339 | D:10     | 10339 ||| DROPPING +0 vorpal war axe.
 10391 | D:10     | 10391 ||| Stepping ~*~*~tactically~*~*~ (hiding).
 10397 | D:10     | 10397 ||| INVOKING Heroism.
 10398 | D:10     | 10398 ||| Stepping ~*~*~tactically~*~*~ (stealth).
 10437 | D:10     | 10437 ||| Stepping ~*~*~tactically~*~*~ (hiding).
 10455 | D:10     | 10455 ||| Stepping ~*~*~tactically~*~*~ (hiding).
 10456 | D:10     | 10456 ||| Stepping ~*~*~tactically~*~*~ (hiding).
 10457 | D:10     | 10457 ||| Stepping ~*~*~tactically~*~*~ (hiding).
 10587 | D:10     | 10587 ||| INVOKING Heroism.
 10590 | D:10     | 10590 ||| INVOKING Finesse.
 10601 | D:10     | Reached skill level 14 in Axes
 10843 | D:10     | 10843 ||| INVOKING Heroism.
 10869 | D:10     | Found a transporter.
 10929 | D:10     | Reached skill level 9 in Invocations
 10952 | D:10     | 10952 ||| Stepping ~*~*~tactically~*~*~ (stealth).
 10953 | D:10     | Noticed Grum
 10954 | D:10     | 10954 ||| INVOKING Heroism.
 10960 | D:10     | Reached XP level 12. HP: 67/71 MP: 16/19
 10970 | D:10     | Killed Grum
 10971 | D:10     | Reached skill level 3 in Throwing
 11219 | D:10     | Found a shimmering blue altar of Sif Muna.
 11424 | D:10     | 11424 ||| DROPPING +3 ring mail of Defence {rElec rF+}.
 11425 | D:10     | 11425 ||| UPGRADING to +1 plate armour of cold resistance.
 11435 | D:10     | 11435 ||| DROPPING +0 plate armour.
 11468 | D:11     | 11468 ||| INVOKING Heroism.
 11525 | D:11     | 11525 ||| READING scroll of brand weapon.
 11525 | D:11     | 11525 ||| BRANDING +1 war axe of draining.
 11535 | D:11     | 11535 ||| Stepping ~*~*~tactically~*~*~ (hiding).
 11537 | D:11     | 11537 ||| Stepping ~*~*~tactically~*~*~ (hiding).
 11545 | D:11     | 11545 ||| INVOKING Heroism.
 11547 | D:11     | 11547 ||| Stepping ~*~*~tactically~*~*~ (stealth).
 11628 | D:11     | 11628 ||| Stepping ~*~*~tactically~*~*~ (stealth).
 11629 | D:11     | 11629 ||| Stepping ~*~*~tactically~*~*~ (stealth).
 11639 | D:11     | 11639 ||| FLEEEEING.
 11640 | D:11     | 11640 ||| FLEEEEING.
 11641 | D:11     | 11641 ||| FLEEEEING.
 11642 | D:11     | 11642 ||| FLEEEEING.
 11643 | D:11     | 11643 ||| FLEEEEING.
 11644 | D:11     | 11644 ||| FLEEEEING.
 11645 | D:11     | 11645 ||| FLEEEEING.
 11646 | D:11     | 11646 ||| FLEEEEING.
 11647 | D:11     | 11647 ||| FLEEEEING.
 11648 | D:11     | 11648 ||| FLEEEEING.
 11649 | D:11     | 11649 ||| FLEEEEING.
 11650 | D:11     | 11650 ||| FLEEEEING.
 11651 | D:11     | 11651 ||| FLEEEEING.
 11652 | D:11     | 11652 ||| INVOKING Heroism.
 11664 | D:11     | Identified the +1 chain mail of Okawaru's Benevolence
                  | {rPois rCorr Int+5} (Okawaru gifted it to you on level 11
                  | of the Dungeon)
 11664 | D:11     | Received a gift from Okawaru
 11821 | D:11     | 11821 ||| INVOKING Heroism.
 11823 | D:11     | Found a staircase to the Lair.
 11868 | D:11     | 11868 ||| Stepping ~*~*~tactically~*~*~ (stealth).
 12033 | D:11     | 12033 ||| Stepping ~*~*~tactically~*~*~ (hiding).
 12034 | D:11     | 12034 ||| Stepping ~*~*~tactically~*~*~ (hiding).
 12038 | D:11     | 12038 ||| INVOKING Heroism.
 12183 | D:11     | Found Mionye's Weapon Shoppe.
 12187 | D:11     | 12187 ||| BUYING +1 broad axe of freezing (198 gold).
 12187 | D:11     | Bought a +1 broad axe of freezing for 198 gold pieces
 12187 | D:11     | 12187 ||| SWAPPING to +1 broad axe of freezing.
 12188 | D:11     | 12188 ||| DROPPING +1 war axe of chaos.
 12217 | D:11     | 12217 ||| DRINKING 6 potions of curing.
 12217 | D:11     | 12217 ||| (to cure confusion)
 12219 | D:11     | 12219 ||| DRINKING 5 potions of curing.
 12219 | D:11     | 12219 ||| (to cure confusion)
 12329 | D:11     | Identified the +7 plate armour "Puipukh" {rC+ rN+ rCorr
                  | Dex-2}
 12343 | D:11     | 12343 ||| PLANNING LAIR
 12343 | D:11     | 12343 ||| DROPPING +1 chain mail of Okawaru's Benevolence
                  | {rPois rCorr Int+5}.
 12344 | D:11     | 12344 ||| UPGRADING to +7 plate armour "Puipukh" {rC+ rN+
                  | rCorr Dex-2}.
 12354 | D:11     | 12354 ||| DROPPING +1 plate armour of cold resistance.
 12395 | Lair:1   | Entered Level 1 of the Lair of Beasts
 12634 | Lair:1   | 12634 ||| INVOKING Heroism.
 12686 | Lair:1   | 12686 ||| INVOKING Heroism.
 12704 | Lair:1   | Reached skill level 15 in Axes
 12748 | Lair:1   | 12748 ||| INVOKING Heroism.
 12795 | Lair:1   | 12795 ||| INVOKING Heroism.
 12876 | Lair:1   | 12876 ||| INVOKING Heroism.
 12938 | Lair:1   | 12938 ||| INVOKING Heroism.
 13115 | Lair:1   | 13115 ||| INVOKING Heroism.
 13120 | Lair:1   | Noticed a catoblepas
 13133 | Lair:1   | Killed a catoblepas
 13359 | Lair:1   | Noticed a seven-headed hydra
 13360 | Lair:1   | 13360 ||| INVOKING Heroism.
 13363 | Lair:1   | 13363 ||| SWAPPING to +3 hand axe of flaming.
 13369 | Lair:1   | Killed a two-headed hydra
 13370 | Lair:1   | 13370 ||| SWAPPING to +1 broad axe of freezing.
 13512 | Lair:1   | 13512 ||| DROPPING +6 ring of strength.
 13517 | Lair:2   | Noticed Fannar
 13518 | Lair:2   | 13518 ||| INVOKING Heroism.
 13526 | Lair:2   | Reached XP level 13. HP: 78/78 MP: 19/21
 13537 | Lair:2   | Killed Fannar
 13551 | Lair:2   | Reached skill level 16 in Axes
 13577 | Lair:2   | 13577 ||| FLEEEEING.
 13578 | Lair:2   | 13578 ||| FLEEEEING.
 13579 | Lair:2   | 13579 ||| STAIRDANCE
 13692 | Lair:2   | Noticed Harold
 13693 | Lair:2   | 13693 ||| STAIRDANCE
 13695 | Lair:1   | 13695 ||| INVOKING Heroism.
 13696 | Lair:1   | 13696 ||| SWAPPING to +3 hand axe of flaming.
 13702 | Lair:1   | 13702 ||| SWAPPING to +1 broad axe of freezing.
 13869 | Lair:2   | 13869 ||| INVOKING Heroism.
 13876 | Lair:2   | Killed Harold
 13926 | Lair:2   | Noticed Nergalle
 13927 | Lair:2   | 13927 ||| INVOKING Heroism.
 13934 | Lair:2   | Killed Nergalle
 13934 | Lair:2   | Received a gift from Okawaru
 14176 | Lair:2   | 14176 ||| Stepping ~*~*~tactically~*~*~ (hiding).
 14177 | Lair:2   | 14177 ||| Stepping ~*~*~tactically~*~*~ (hiding).
 14276 | Lair:2   | Found a hole to the Spider Nest.
 14309 | Lair:2   | 14309 ||| Stepping ~*~*~tactically~*~*~ (stealth).
 14322 | Lair:2   | 14322 ||| Stepping ~*~*~tactically~*~*~ (stealth).
 14324 | Lair:2   | 14324 ||| INVOKING Heroism.
 14345 | Lair:2   | 14345 ||| INVOKING Finesse.
 14352 | Lair:2   | 14352 ||| Stepping ~*~*~tactically~*~*~ (cloud).
 14353 | Lair:2   | Identified the +0 cloak of the Blue Wumpus {Contam Harm
                  | rC+++ SInv} (Okawaru gifted it to you on level 2 of the
                  | Lair of Beasts)
 14353 | Lair:2   | Received a gift from Okawaru
 14354 | Lair:2   | Reached skill level 17 in Axes
 14622 | Lair:2   | 14622 ||| READING scroll of enchant weapon.
 14622 | Lair:2   | 14622 ||| ENCHANTING +1 broad axe of freezing.
 14913 | Lair:2   | 14913 ||| DROPPING +0 cloak.
 14979 | Lair:3   | Reached skill level 9 in Armour
 15020 | Lair:3   | Found a staircase to the Shoals.
 15021 | Lair:3   | 15021 ||| INVOKING Heroism.
 15161 | Lair:3   | 15161 ||| Stepping ~*~*~tactically~*~*~ (stealth).
 15184 | Lair:3   | 15184 ||| FLEEEEING.
 15185 | Lair:3   | 15185 ||| FLEEEEING.
 15186 | Lair:3   | 15186 ||| FLEEEEING.
 15187 | Lair:3   | 15187 ||| FLEEEEING.
 15188 | Lair:3   | 15188 ||| INVOKING Heroism.
 15194 | Lair:3   | 15194 ||| STAIRDANCE
 15218 | Lair:2   | 15218 ||| DROPPING amulet of regeneration.
 15219 | Lair:2   | 15219 ||| READING scroll labelled FENAFU GOPNUEBB.
 15222 | Lair:3   | 15222 ||| STAIRDANCE
 15253 | Lair:3   | 15253 ||| INVOKING Heroism.
 15305 | Lair:3   | 15305 ||| Stepping ~*~*~tactically~*~*~ (stealth).
 15307 | Lair:3   | 15307 ||| INVOKING Heroism.
 15317 | Lair:3   | Reached skill level 9 in Fighting
 15324 | Lair:3   | 15324 ||| Stepping ~*~*~tactically~*~*~ (stealth).
 15519 | Lair:3   | 15519 ||| INVOKING Heroism.
 15520 | Lair:3   | 15520 ||| INVOKING Finesse.
 15819 | Lair:3   | 15819 ||| Stepping ~*~*~tactically~*~*~ (stealth).
 15820 | Lair:3   | 15820 ||| Stepping ~*~*~tactically~*~*~ (stealth).
 15821 | Lair:3   | 15821 ||| Stepping ~*~*~tactically~*~*~ (stealth).
 15822 | Lair:3   | 15822 ||| Stepping ~*~*~tactically~*~*~ (stealth).
 15851 | Lair:3   | 15851 ||| INVOKING Heroism.
 15880 | Lair:3   | 15880 ||| Stepping ~*~*~tactically~*~*~ (stealth).
 15882 | Lair:3   | 15882 ||| Stepping ~*~*~tactically~*~*~ (stealth).
 15896 | Lair:3   | 15896 ||| Stepping ~*~*~tactically~*~*~ (stealth).
 15897 | Lair:3   | 15897 ||| Stepping ~*~*~tactically~*~*~ (stealth).
 15903 | Lair:3   | 15903 ||| Stepping ~*~*~tactically~*~*~ (stealth).
 15908 | Lair:3   | 15908 ||| INVOKING Heroism.
 15940 | Lair:3   | 15940 ||| Stepping ~*~*~tactically~*~*~ (stealth).
 15942 | Lair:3   | 15942 ||| INVOKING Heroism.
 15943 | Lair:3   | 15943 ||| Stepping ~*~*~tactically~*~*~ (stealth).
 15965 | Lair:3   | 15965 ||| Stepping ~*~*~tactically~*~*~ (stealth).
 16041 | Lair:3   | 16041 ||| INVOKING Heroism.
 16404 | Lair:4   | 16404 ||| INVOKING Heroism.
 16431 | Lair:4   | Found a staircase to the Slime Pits.
 16562 | Lair:4   | 16562 ||| INVOKING Heroism.
 16701 | Lair:4   | You are sucked into a shaft and drop 1 floor!
 16701 | Lair:5   | Entered Level 5 of the Lair of Beasts
 16702 | Lair:5   | 16702 ||| INVOKING Heroism.
 16703 | Lair:5   | 16703 ||| INVOKING Finesse.
 16707 | Lair:5   | 16707 ||| SWAPPING to +3 hand axe of flaming.
 16713 | Lair:5   | 16713 ||| SWAPPING to +2 broad axe of freezing.
 16825 | Lair:5   | 16825 ||| INVOKING Heroism.
 16830 | Lair:5   | Reached XP level 14. HP: 86/86 MP: 19/22
 16849 | Lair:5   | 16849 ||| Stepping ~*~*~tactically~*~*~ (stealth).
 16866 | Lair:5   | 16866 ||| Stepping ~*~*~tactically~*~*~ (stealth).
 16867 | Lair:5   | 16867 ||| Stepping ~*~*~tactically~*~*~ (stealth).
 16868 | Lair:5   | 16868 ||| Stepping ~*~*~tactically~*~*~ (stealth).
 16887 | Lair:5   | Reached skill level 18 in Axes
 16887 | Lair:5   | 16887 ||| Stepping ~*~*~tactically~*~*~ (stealth).
 16894 | Lair:5   | Received a gift from Okawaru
 16897 | Lair:5   | 16897 ||| Stepping ~*~*~tactically~*~*~ (stealth).
 16898 | Lair:5   | 16898 ||| Stepping ~*~*~tactically~*~*~ (stealth).
 16901 | Lair:5   | 16901 ||| Stepping ~*~*~tactically~*~*~ (stealth).
 16902 | Lair:5   | 16902 ||| Stepping ~*~*~tactically~*~*~ (stealth).
 16911 | Lair:5   | 16911 ||| Stepping ~*~*~tactically~*~*~ (stealth).
 16914 | Lair:5   | 16914 ||| INVOKING Heroism.
 16919 | Lair:5   | 16919 ||| Stepping ~*~*~tactically~*~*~ (stealth).
 16935 | Lair:5   | 16935 ||| Stepping ~*~*~tactically~*~*~ (stealth).
 16987 | Lair:5   | 16987 ||| INVOKING Heroism.
 16989 | Lair:5   | 16989 ||| Stepping ~*~*~tactically~*~*~ (stealth).
 16994 | Lair:5   | Received a gift from Okawaru
 17068 | Lair:5   | 17068 ||| INVOKING Heroism.
 17072 | Lair:5   | 17072 ||| Stepping ~*~*~tactically~*~*~ (stealth).
 17086 | Lair:5   | 17086 ||| Stepping ~*~*~tactically~*~*~ (stealth).
 17285 | Lair:5   | 17285 ||| Stepping ~*~*~tactically~*~*~ (stealth).
 17287 | Lair:5   | 17287 ||| INVOKING Heroism.
 17320 | Lair:5   | 17320 ||| Stepping ~*~*~tactically~*~*~ (stealth).
 17354 | Lair:5   | 17354 ||| Stepping ~*~*~tactically~*~*~ (stealth).
 17356 | Lair:5   | 17356 ||| Stepping ~*~*~tactically~*~*~ (stealth).
 17366 | Lair:5   | 17366 ||| INVOKING Heroism.
 17371 | Lair:5   | 17371 ||| Stepping ~*~*~tactically~*~*~ (hiding).
 17398 | Lair:5   | 17398 ||| Stepping ~*~*~tactically~*~*~ (stealth).
 17407 | Lair:5   | Reached skill level 6 in Dodging
 17419 | Lair:5   | 17419 ||| INVOKING Heroism.
 17420 | Lair:5   | Identified the +1 robe of Oblivion {rF- rN++ Int+3}
                  | (Okawaru gifted it to you on level 5 of the Lair of Beasts)
 17420 | Lair:5   | Received a gift from Okawaru
 17484 | Lair:5   | 17484 ||| Stepping ~*~*~tactically~*~*~ (stealth).
 17485 | Lair:5   | 17485 ||| Stepping ~*~*~tactically~*~*~ (stealth).
 17489 | Lair:5   | 17489 ||| Stepping ~*~*~tactically~*~*~ (stealth).
 17490 | Lair:5   | 17490 ||| INVOKING Heroism.
 17563 | Lair:5   | 17563 ||| Stepping ~*~*~tactically~*~*~ (stealth).
 17591 | Lair:5   | 17591 ||| INVOKING Heroism.
 17594 | Lair:5   | 17594 ||| Stepping ~*~*~tactically~*~*~ (stealth).
 17634 | Lair:5   | 17634 ||| INVOKING Heroism.
 17823 | Lair:5   | 17823 ||| Stepping ~*~*~tactically~*~*~ (hiding).
 17842 | Lair:5   | 17842 ||| Stepping ~*~*~tactically~*~*~ (hiding).
 17860 | Lair:5   | 17860 ||| Stepping ~*~*~tactically~*~*~ (hiding).
 17874 | Lair:5   | 17874 ||| Stepping ~*~*~tactically~*~*~ (stealth).
 17921 | Lair:5   | 17921 ||| Stepping ~*~*~tactically~*~*~ (stealth).
 18030 | Lair:5   | 18030 ||| UPGRADING to +2 hat.
 18035 | Lair:5   | 18035 ||| UPGRADING to ring of poison resistance.
 18037 | Lair:5   | 18037 ||| DROPPING ring of positive energy.
 18038 | Lair:5   | 18038 ||| DROPPING +6 ring of intelligence.
 18039 | Lair:5   | 18039 ||| READING 8 scrolls of identify.
 18039 | Lair:5   | 18039 ||| IDENTIFYING clear potion
 18040 | Lair:5   | 18040 ||| DROPPING potion of invisibility.
 18046 | Lair:5   | 18046 ||| Stepping ~*~*~tactically~*~*~ (stealth).
 18189 | Lair:4   | 18189 ||| INVOKING Heroism.
 18193 | Lair:4   | 18193 ||| Stepping ~*~*~tactically~*~*~ (stealth).
 18220 | Lair:4   | 18220 ||| INVOKING Heroism.
 19147 | Lair:5   | 19147 ||| Stepping ~*~*~tactically~*~*~ (hiding).
 19149 | Lair:5   | 19149 ||| Stepping ~*~*~tactically~*~*~ (hiding).
 19150 | Lair:5   | 19150 ||| Stepping ~*~*~tactically~*~*~ (hiding).
 19159 | Lair:5   | 19159 ||| Stepping ~*~*~tactically~*~*~ (stealth).
 19278 | Lair:5   | 19278 ||| Stepping ~*~*~tactically~*~*~ (hiding).
 19286 | Lair:5   | 19286 ||| INVOKING Heroism.
 19294 | Lair:5   | 19294 ||| Stepping ~*~*~tactically~*~*~ (stealth).
 19386 | Lair:5   | 19386 ||| FLEEEEING.
 19387 | Lair:5   | 19387 ||| FLEEEEING.
 19539 | Lair:5   | 19539 ||| Stepping ~*~*~tactically~*~*~ (stealth).
 19542 | Lair:5   | 19542 ||| INVOKING Heroism.
 19543 | Lair:5   | 19543 ||| INVOKING Finesse.
 19819 | Lair:5   | 19819 ||| PLANNING D
 19819 | Lair:5   | 19819 ||| DROPPING ring of protection from cold.
 19820 | Lair:5   | 19820 ||| READING 8 scrolls of identify.
 19820 | Lair:5   | 19820 ||| IDENTIFYING coppery potion
 20305 | D:12     | 20305 ||| Stepping ~*~*~tactically~*~*~ (stealth).
 20422 | D:12     | Identified the +9 long sword of the Valley {vorpal, Int+3}
 20427 | D:12     | 20427 ||| READING scroll of enchant weapon.
 20427 | D:12     | 20427 ||| ENCHANTING +2 broad axe of freezing.
 20498 | D:12     | 20498 ||| INVOKING Heroism.
 20779 | D:12     | 20779 ||| INVOKING Heroism.
 20783 | D:12     | 20783 ||| READING 5 scrolls of teleportation.
 21002 | D:12     | 21002 ||| Stepping ~*~*~tactically~*~*~ (stealth).
 21013 | D:12     | Reached skill level 12 in Armour
 21013 | D:12     | 21013 ||| FLEEEEING.
 21014 | D:12     | 21014 ||| FLEEEEING.
 21015 | D:12     | 21015 ||| FLEEEEING.
 21017 | D:12     | 21017 ||| FLEEEEING.
 21018 | D:12     | 21018 ||| FLEEEEING.
 21019 | D:12     | 21019 ||| FLEEEEING.
 21020 | D:12     | 21020 ||| FLEEEEING.
 21021 | D:12     | 21021 ||| FLEEEEING.
 21022 | D:12     | 21022 ||| FLEEEEING.
 21023 | D:12     | 21023 ||| FLEEEEING.
 21024 | D:12     | 21024 ||| FLEEEEING.
 21026 | D:12     | 21026 ||| FLEEEEING.
 21027 | D:12     | 21027 ||| FLEEEEING.
 21028 | D:12     | 21028 ||| FLEEEEING.
 21029 | D:12     | 21029 ||| FLEEEEING.
 21031 | D:12     | 21031 ||| FLEEEEING.
 21032 | D:12     | 21032 ||| FLEEEEING.
 21033 | D:12     | 21033 ||| FLEEEEING.
 21036 | D:12     | 21036 ||| FLEEEEING.
 21037 | D:12     | 21037 ||| FLEEEEING.
 21038 | D:12     | 21038 ||| FLEEEEING.
 21039 | D:12     | 21039 ||| FLEEEEING.
 21040 | D:12     | 21040 ||| FLEEEEING.
 21042 | D:12     | 21042 ||| STAIRDANCE
 21303 | D:13     | 21303 ||| INVOKING Heroism.
 21313 | D:13     | Reached XP level 15. HP: 79/95 MP: 21/23
 21628 | D:13     | 21628 ||| Stepping ~*~*~tactically~*~*~ (hiding).
 21630 | D:13     | 21630 ||| INVOKING Heroism.
 21631 | D:13     | 21631 ||| READING 6 scrolls of teleportation.
 21668 | D:13     | 21668 ||| Stepping ~*~*~tactically~*~*~ (stealth).
 21712 | D:13     | 21712 ||| FLEEEEING.
 21713 | D:13     | 21713 ||| FLEEEEING.
 21714 | D:13     | 21714 ||| FLEEEEING.
 21715 | D:13     | 21715 ||| FLEEEEING.
 21717 | D:13     | 21717 ||| FLEEEEING.
 21718 | D:13     | 21718 ||| FLEEEEING.
 21719 | D:13     | 21719 ||| FLEEEEING.
 21727 | D:13     | 21727 ||| STAIRDANCE
 21935 | D:12     | 21935 ||| READING scroll labelled SIQEGI PEEGRUR.
 22270 | D:13     | 22270 ||| Stepping ~*~*~tactically~*~*~ (hiding).
 22300 | D:13     | 22300 ||| READING scroll of brand weapon.
 22300 | D:13     | 22300 ||| BRANDING +3 broad axe of freezing.
 22304 | D:13     | 22304 ||| Stepping ~*~*~tactically~*~*~ (hiding).
 22306 | D:13     | 22306 ||| Stepping ~*~*~tactically~*~*~ (hiding).
 22307 | D:13     | 22307 ||| Stepping ~*~*~tactically~*~*~ (hiding).
 22461 | D:13     | 22461 ||| DROPPING +4 ring of slaying {mikee}.
 22514 | D:14     | Found a bloodstained altar of Trog.
 22522 | D:14     | Noticed qw's ghost (journeyman TeWr)
 22523 | D:14     | Noticed an orc warlord
 22554 | D:14     | Reached skill level 12 in Fighting
 22562 | D:14     | Found a transporter.
 22567 | D:14     | Found a transporter.
 22621 | D:14     | Found a gate to the Vaults.
 22646 | D:14     | 22646 ||| INVOKING Heroism.
 22647 | D:14     | 22647 ||| SWAPPING to +3 hand axe of flaming.
 22652 | D:14     | 22652 ||| SWAPPING to +3 spectral broad axe.
 22725 | D:14     | 22725 ||| Stepping ~*~*~tactically~*~*~ (hiding).
 22734 | D:14     | Received a gift from Okawaru
 22773 | D:14     | 22773 ||| FLEEEEING.
 22774 | D:14     | 22774 ||| FLEEEEING.
 22778 | D:14     | 22778 ||| FLEEEEING.
 22779 | D:14     | 22779 ||| FLEEEEING.
 22780 | D:14     | 22780 ||| FLEEEEING.
 22781 | D:14     | 22781 ||| FLEEEEING.
 22782 | D:14     | 22782 ||| FLEEEEING.
 22783 | D:14     | 22783 ||| FLEEEEING.
 22784 | D:14     | 22784 ||| FLEEEEING.
 22920 | D:14     | Identified the +1 buckler of Fun and Games {*Corrode rN+
                  | Str+4 Stlth+} (Okawaru gifted it to you on level 14 of the
                  | Dungeon)
 22920 | D:14     | Received a gift from Okawaru
 23428 | D:14     | 23428 ||| UPGRADING to +1 buckler of positive energy.
 23433 | D:14     | 23433 ||| UPGRADING to +1 buckler of Fun and Games
                  | {*Corrode rN+ Str+4 Stlth+}.
 23443 | D:14     | 23443 ||| DROPPING +1 buckler of positive energy.
 23479 | D:14     | 23479 ||| READING 5 scrolls of teleportation.
 23480 | D:14     | 23480 ||| STAIRDANCE
 23526 | D:15     | Entered Level 15 of the Dungeon
 23535 | D:15     | 23535 ||| Stepping ~*~*~tactically~*~*~ (hiding).
 23536 | D:15     | 23536 ||| Stepping ~*~*~tactically~*~*~ (hiding).
 23541 | D:15     | 23541 ||| INVOKING Heroism.
 23543 | D:15     | Reached skill level 1 in Shields
 23679 | D:15     | 23679 ||| INVOKING Heroism.
 23687 | D:15     | 23687 ||| INVOKING Finesse.
 23692 | D:15     | 23692 ||| SWAPPING to +3 hand axe of flaming.
 23706 | D:15     | Reached skill level 3 in Shields
 23706 | D:15     | HP: 24/97 [one-headed hydra (4)]
 23707 | D:15     | 23707 ||| READING 4 scrolls of teleportation.
 23708 | D:15     | 23708 ||| DRINKING 6 potions of heal wounds.
 23710 | D:15     | 23710 ||| SWAPPING to +3 spectral broad axe.
 23760 | D:15     | 23760 ||| INVOKING Heroism.
 23762 | D:15     | HP: 23/97 [flayed ghost/flay_damage (6)]
 23763 | D:15     | 23763 ||| READING 3 scrolls of teleportation.
 23764 | D:15     | 23764 ||| DRINKING 5 potions of heal wounds.
 23767 | D:15     | Found a staircase to the Depths.
 23769 | D:15     | 23769 ||| FLEEEEING.
 23770 | D:15     | 23770 ||| FLEEEEING.
 23771 | D:15     | 23771 ||| FLEEEEING.
 23772 | D:15     | 23772 ||| FLEEEEING.
 23773 | D:15     | 23773 ||| FLEEEEING.
 24047 | D:15     | 24047 ||| INVOKING Heroism.
 24048 | D:15     | 24048 ||| INVOKING Finesse.
 24049 | D:15     | 24049 ||| SWAPPING to +3 hand axe of flaming.
 24056 | D:15     | 24056 ||| SWAPPING to +3 spectral broad axe.
 24097 | D:15     | Noticed Rupert
 24098 | D:15     | 24098 ||| INVOKING Heroism.
 24098 | D:15     | Paralysed by Rupert for 4 turns
 24102 | D:15     | 24102 ||| INVOKING Finesse.
 24109 | D:15     | Killed Rupert
 24110 | D:15     | 24110 ||| FLEEEEING.
 24125 | D:15     | Reached skill level 6 in Shields
 24260 | D:15     | 24260 ||| FLEEEEING.
 24261 | D:15     | 24261 ||| FLEEEEING.
 24262 | D:15     | 24262 ||| FLEEEEING.
 24263 | D:15     | 24263 ||| FLEEEEING.
 24267 | D:15     | 24267 ||| FLEEEEING.
 24270 | D:15     | 24270 ||| FLEEEEING.
 24332 | D:15     | 24332 ||| Stepping ~*~*~tactically~*~*~ (hiding).
 24335 | D:15     | 24335 ||| Stepping ~*~*~tactically~*~*~ (hiding).
 24543 | D:15     | 24543 ||| INVOKING Heroism.
 24555 | D:15     | 24555 ||| FLEEEEING.
 24556 | D:15     | 24556 ||| FLEEEEING.
 24557 | D:15     | 24557 ||| FLEEEEING.
 24561 | D:15     | HP: 22/97 [freezing wraith[a death knight] (4)]
 24562 | D:15     | 24562 ||| READING 3 scrolls of teleportation.
 24563 | D:15     | 24563 ||| DRINKING 4 potions of heal wounds.
 24840 | D:15     | 24840 ||| INVOKING Heroism.
 24841 | D:15     | 24841 ||| SWAPPING to +3 hand axe of flaming.
 24847 | D:15     | 24847 ||| SWAPPING to +3 spectral broad axe.
 24917 | D:15     | 24917 ||| FLEEEEING.
 24918 | D:15     | 24918 ||| FLEEEEING.
 24919 | D:15     | 24919 ||| FLEEEEING.
 24920 | D:15     | 24920 ||| FLEEEEING.
 25068 | D:15     | 25068 ||| READING 2 scrolls of teleportation.
 25076 | D:14     | 25076 ||| READING scroll of teleportation.
 25077 | D:14     | 25077 ||| PLANNING ORC
 25209 | Orc:1    | Entered Level 1 of the Orcish Mines
 25210 | Orc:1    | 25210 ||| INVOKING Heroism.
 25225 | Orc:1    | Reached XP level 16. HP: 103/103 MP: 24/24
 25230 | Orc:1    | 25230 ||| INVOKING Heroism.
 25244 | Orc:1    | 25244 ||| Stepping ~*~*~tactically~*~*~ (stealth).
 25371 | Orc:1    | 25371 ||| INVOKING Heroism.
 25702 | Orc:2    | Entered Level 2 of the Orcish Mines
 25703 | Orc:2    | 25703 ||| INVOKING Heroism.
 25706 | Orc:2    | 25706 ||| INVOKING Finesse.
 25710 | Orc:2    | 25710 ||| STAIRDANCE
 25714 | Orc:1    | Reached skill level 9 in Dodging
 25751 | Orc:2    | 25751 ||| STAIRDANCE
 25753 | Orc:1    | 25753 ||| INVOKING Heroism.
 25754 | Orc:1    | 25754 ||| INVOKING Finesse.
 25971 | Orc:2    | 25971 ||| STAIRDANCE
 25973 | Orc:1    | 25973 ||| INVOKING Heroism.
 26000 | Orc:2    | 26000 ||| STAIRDANCE
 26012 | Orc:2    | 26012 ||| STAIRDANCE
 26017 | Orc:2    | 26017 ||| INVOKING Heroism.
 26018 | Orc:2    | 26018 ||| STAIRDANCE
 26029 | Orc:2    | 26029 ||| STAIRDANCE
 26034 | Orc:2    | 26034 ||| STAIRDANCE
 26044 | Orc:2    | Found Golil's Jewellery Emporium.
 26071 | Orc:2    | 26071 ||| BUYING ring of Saedon {Fire Stlth+} (348 gold).
 26071 | Orc:2    | Bought the ring of Saedon {Fire Stlth+} for 348 gold pieces
 26088 | Orc:2    | 26088 ||| Stepping ~*~*~tactically~*~*~ (stealth).
 26094 | Orc:2    | 26094 ||| Stepping ~*~*~tactically~*~*~ (stealth).
 26095 | Orc:2    | 26095 ||| Stepping ~*~*~tactically~*~*~ (stealth).
 26099 | Orc:2    | 26099 ||| INVOKING Heroism.
 26116 | Orc:2    | Found Juloin's General Store.
 26116 | Orc:2    | Found a staircase to the Elven Halls.
 26117 | Orc:2    | 26117 ||| Stepping ~*~*~tactically~*~*~ (hiding).
 26119 | Orc:2    | 26119 ||| INVOKING Finesse.
 26166 | Orc:2    | 26166 ||| INVOKING Heroism.
 26348 | Orc:2    | 26348 ||| INVOKING Heroism.
 26357 | Orc:2    | Found a frozen archway.
 26390 | Orc:2    | 26390 ||| BUYING 2 potions of cancellation (272 gold).
 26390 | Orc:2    | Bought 2 potions of cancellation for 272 gold pieces
 26390 | Orc:2    | 26390 ||| BUYING potion of curing (51 gold).
 26390 | Orc:2    | Bought a potion of curing for 51 gold pieces
 26410 | Orc:2    | Found Ekurong's Antique Armour Boutique.
 26412 | Orc:2    | 26412 ||| INVOKING Heroism.
 26447 | Orc:2    | 26447 ||| BUYING glowing cloak (210 gold).
 26447 | Orc:2    | Bought a glowing cloak for 210 gold pieces
 26447 | Orc:2    | 26447 ||| BUYING kite shield (126 gold).
 26447 | Orc:2    | Bought a kite shield for 126 gold pieces
 26465 | Orc:2    | 26465 ||| INVOKING Heroism.
 26466 | Orc:2    | 26466 ||| INVOKING Finesse.
 26510 | Orc:2    | Found Jepag's Antique Weapon Shoppe.
 26672 | Orc:2    | 26672 ||| PLANNING SPIDER:1-3
 26672 | Orc:2    | 26672 ||| DROPPING +1 cloak.
 26673 | Orc:2    | 26673 ||| UPGRADING to +0 kite shield.
 26683 | Orc:2    | 26683 ||| DROPPING +1 buckler of Fun and Games {*Corrode
                  | rN+ Str+4 Stlth+}.
 26836 | Spider:1 | Entered Level 1 of the Spider Nest
 26837 | Spider:1 | 26837 ||| INVOKING Finesse.
 26933 | Spider:1 | 26933 ||| Stepping ~*~*~tactically~*~*~ (hiding).
 26934 | Spider:1 | 26934 ||| INVOKING Finesse.
 26976 | Spider:1 | 26976 ||| Stepping ~*~*~tactically~*~*~ (stealth).
 26983 | Spider:1 | 26983 ||| Stepping ~*~*~tactically~*~*~ (stealth).
 27033 | Spider:1 | 27033 ||| Stepping ~*~*~tactically~*~*~ (stealth).
 27034 | Spider:1 | 27034 ||| Stepping ~*~*~tactically~*~*~ (stealth).
 27036 | Spider:1 | 27036 ||| Stepping ~*~*~tactically~*~*~ (stealth).
 27037 | Spider:1 | 27037 ||| INVOKING Heroism.
 27039 | Spider:1 | 27039 ||| INVOKING Finesse.
 27049 | Spider:1 | Received a gift from Okawaru
 27055 | Spider:1 | 27055 ||| Stepping ~*~*~tactically~*~*~ (stealth).
 27136 | Spider:1 | 27136 ||| Stepping ~*~*~tactically~*~*~ (stealth).
 27145 | Spider:1 | 27145 ||| Stepping ~*~*~tactically~*~*~ (stealth).
 27147 | Spider:1 | 27147 ||| Stepping ~*~*~tactically~*~*~ (stealth).
 27151 | Spider:1 | 27151 ||| DRINKING 8 potions of curing.
 27151 | Spider:1 | 27151 ||| (to cure confusion)
 27153 | Spider:1 | Reached skill level 9 in Shields
 27167 | Spider:1 | 27167 ||| READING scroll of enchant weapon.
 27167 | Spider:1 | 27167 ||| ENCHANTING +3 spectral broad axe.
 27258 | Spider:1 | Noticed Agnes
 27259 | Spider:1 | 27259 ||| INVOKING Heroism.
 27260 | Spider:1 | 27260 ||| INVOKING Finesse.
 27266 | Spider:1 | Killed Agnes
 27371 | Spider:1 | 27371 ||| Stepping ~*~*~tactically~*~*~ (stealth).
 27374 | Spider:1 | 27374 ||| INVOKING Heroism.
 27375 | Spider:1 | Noticed Louise
 27376 | Spider:1 | 27376 ||| Stepping ~*~*~tactically~*~*~ (hiding).
 27393 | Spider:1 | Killed Louise
 27412 | Spider:1 | 27412 ||| Stepping ~*~*~tactically~*~*~ (stealth).
 27439 | Spider:1 | 27439 ||| INVOKING Heroism.
 27457 | Spider:1 | Received a gift from Okawaru
 27582 | Spider:1 | Noticed Aizul
 27583 | Spider:1 | 27583 ||| Stepping ~*~*~tactically~*~*~ (hiding).
 27584 | Spider:1 | 27584 ||| INVOKING Heroism.
 27585 | Spider:1 | Noticed Nikola
 27591 | Spider:1 | Killed Aizul
 27593 | Spider:1 | Killed from afar by Nikola

Levels and vault maps discovered:
D:1:      amcnicky_arrival_gap_in_the_tavern_cellar, layout_basic,
          minmay_indecisive_spiral
D:2:      layout_basic, minmay_pentomino_pile
D:3:      layout_loops_ring, hellmonk_ecumenical_altar_defaced_shrine
D:4:      layout_cave_pods, okawaru_altar_gauntlet_db
D:5:      layout_layer_cave, gammafunk_ghost_arena, uniq_duvessa
D:6:      layout_loops_ring, nicolae_uskayaw_dance_studio,
          small_statue_intersection, minmay_misc_feat_ornament,
          uniq_prince_ribbit1, uniq_pikel
D:7:      layout_layer_cave, minmay_temple_entry_glassed_door, enter_bailey_3
D:8:      layout_basic, kennysheep_mini_moat, old_standard_altar,
          xom_butterflies, uniq_erica, uniq_psyche
D:9:      layout_loops_ring, amcnicky_altar_gilded, general_overflow_altar,
          uniq_maurice
D:10:     layout_long_grid, mainiacjoe_overflow_cross_hatched, led_sif_book,
          orc_0_dummy, nicolae_diode_basic, uniq_maggie, uniq_grum
D:11:     layout_basic, erik_lair_orcish_takeover, serial_shops,
          nicolae_diamond_shop
D:12:     layout_basic
D:13:     layout_gridville
D:14:     layout_small_grid, skrybe_vaults_entry_preservation,
          gammafunk_ghost_wrathful_warriors, minmay_misc_feat_iff
D:15:     gammafunk_depths_entry_grave, layout_irregular_city,
          serial_park_tiny_2, uniq_rupert
Lair:1:   layout_big_grid
Lair:2:   layout_long_grid, nicolae_spider_entry_non_spiders, uniq_fannar,
          uniq_nergalle, uniq_harold
Lair:3:   lemuel_reptile_caves, layout_loops_ring, minmay_shoals_entry_centaurs,
          minmay_hedge_maze, nzn_sisyphean_effort, lemuel_fruit_tree
Lair:4:   layout_cave_pods, slime_entry_1
Lair:5:   guppyfry_lair_end_dragon, layout_loops_ring,
          hangedman_lair_caniforms_friends, infiniplex_staircase_pool_2
Spider:1: layout_spider_delve, uniq_aizul, uniq_nikola, uniq_agnes,
          uniq_asterion, uniq_louise, uniq_azrael
Orc:1:    layout_caves, rock_pile
Orc:2:    grunt_orc_gardens, layout_caves, grunt_orc_garden, grunt_orc_garden,
          grunt_orc_garden, grunt_orc_garden, basic_altar,
          portal_ice_cave_entry_imps

Skill      XL: |  1  2  3  4  5  6  7  8  9 10 11 12 13 14 15 16 |
---------------+-------------------------------------------------+-----
Axes           | 3 4 5 7 9 10 11 13 14 15 17 18 | 18.0
Fighting       | 3 4 5 6 8 9 11 12 13 | 13.0
Armour         | 2 4 5 7 8 9 12 13 | 13.0
Invocations    | 4 6 9 10 | 10.0
Dodging        | 3 4 6 8 9 |  9.0
Throwing       | 2 4 5 |  5.9
Shields        | 7 10 | 10.1
Spellcasting   | |  2.0
Translocations | |  2.4

Action                   |  1- 3 |  4- 6 |  7- 9 | 10-12 | 13-15 | 16-18 || total
-------------------------+-------+-------+-------+-------+-------+-------++-------
Melee: Hand axe          |    59 |    34 |       |     5 |    36 |       ||   134
       Kick              |    12 |    10 |    43 |   123 |   344 |    66 ||   598
       Peck              |     4 |    13 |    24 |    76 |   222 |    31 ||   370
       War axe           |       |    38 |   142 |   305 |       |       ||   485
       Punch             |       |       |     2 |    13 |    27 |       ||    42
       Broad axe         |       |       |       |    63 |   868 |   183 ||  1114
Throw: Boomerang         |     7 |       |    26 |    40 |   222 |    50 ||   345
       Javelin           |       |       |       |    35 |    29 |     5 ||    69
Invok: Heroism           |       |       |    12 |    31 |    43 |    16 ||   102
       Finesse           |       |       |       |     1 |     7 |     8 ||    16
  Use: Scroll            |     5 |     9 |     7 |     3 |    15 |     1 ||    40
       Potion            |     2 |     1 |     2 |     5 |     3 |     1 ||    14
 Stab: Petrifying        |       |       |       |     2 |       |       ||     2
       Distracted        |       |       |       |       |     3 |     3 ||     6
Armor: Ring mail         |    15 |       |       |       |       |       ||    15
       Scale mail        |     6 |    19 |    39 |       |       |       ||    64
       Chain mail        |       |       |     4 |    18 |       |       ||    22
       Plate armour      |       |       |       |    97 |   392 |    42 ||   531
Dodge: Dodged            |    25 |    18 |    54 |   117 |   282 |    57 ||   553
Block: Other             |       |    11 |    25 |    64 |   119 |       ||   219
       Reflection        |       |     2 |     3 |     4 |     8 |    11 ||    28
       Buckler           |       |       |       |       |    50 |    49 ||    99
       Kite shield       |       |       |       |       |       |    39 ||    39

Table legend:
 A = Non-vault XP
 B = Vault XP
 C = Vault XP percentage of total XP
 D = Non-vault monster count
 E = Vault monster count
 F = Vault count percentage of total count
                 A         B        C        D         E       F
            +---------+---------+-------+---------+---------+-------
      Total |  109710 |   50169 |  31.4 |     546 |     215 |  28.3
            +---------+---------+-------+---------+---------+-------
        D:1 |      27 |       5 |  15.6 |      17 |       4 |  19.0
        D:2 |      56 |       7 |  11.1 |      16 |       3 |  15.8
        D:3 |      80 |       6 |   7.0 |       8 |       2 |  20.0
        D:4 |     224 |      11 |   4.7 |      11 |       6 |  35.3
        D:5 |     780 |     211 |  21.3 |      23 |       2 |   8.0
        D:6 |    1121 |    1061 |  48.6 |      20 |      10 |  33.3
        D:7 |     787 |       4 |   0.5 |      12 |       2 |  14.3
        D:8 |    3578 |    1226 |  25.5 |      30 |       2 |   6.2
        D:9 |    4327 |     449 |   9.4 |      25 |       1 |   3.8
       D:10 |    4080 |    1010 |  19.8 |      42 |       7 |  14.3
       D:11 |    3656 |     655 |  15.2 |      19 |       9 |  32.1
       D:12 |    4157 |       0 |   0.0 |       9 |       0 |   0.0
       D:13 |    7840 |       0 |   0.0 |      22 |       0 |   0.0
       D:14 |    8122 |    4702 |  36.7 |      11 |       9 |  45.0
       D:15 |   14995 |    6759 |  31.1 |      27 |       9 |  25.0
     Lair:1 |    9427 |       0 |   0.0 |      29 |       0 |   0.0
     Lair:2 |    7022 |    2821 |  28.7 |      29 |      11 |  27.5
     Lair:3 |    3055 |    4152 |  57.6 |      17 |      35 |  67.3
     Lair:4 |    5950 |       0 |   0.0 |      23 |       0 |   0.0
     Lair:5 |   11642 |   14427 |  55.3 |      45 |      74 |  62.2
   Spider:1 |   12013 |    3712 |  23.6 |      24 |       3 |  11.1
      Orc:1 |    4467 |    2785 |  38.4 |      60 |       5 |   7.7
      Orc:2 |    2304 |    6166 |  72.8 |      27 |      21 |  43.8
            +---------+---------+-------+---------+---------+-------
